 Dungeon Crawl Stone Soup version 0.25-a0-589-g1e14c549ee (webtiles) character file.

Game seed: 14446298983658248768, levelgen mode: deterministic

1626 Amnesiac the Fighter (level 8, -7/89 HPs)
             Began as an Ogre Fighter on Mar 10, 2020.
             Was an Initiate of Okawaru.
             Killed by nerve-wracking pain
             ... invoked by an orc priest
              (11 damage)
             ... on level 6 of the Dungeon.
             The game lasted 00:10:36 (5697 turns).

Amnesiac the Fighter (Ogre Fighter)                 Turns: 5697, Time: 00:10:37

Health: -7/89      AC:  3    Str: 21    XL:     8   Next: 97%
Magic:  10/11      EV:  8    Int:  9    God:    Okawaru [......]
Gold:   246        SH:  8    Dex: 10    Spells: 7/7 levels left

rFire    . . .     SeeInvis .   b - +0 hunting sling
rCold    . . .     Gourm    .   c - +0 kite shield
rNeg     . . .     Faith    .   l - +0 robe
rPois    .         Spirit   .   (helmet restricted)
rElec    .         Reflect  .   (no cloak)
rCorr    .         Harm     .   (gloves unavailable)
MR       .....                  (boots unavailable)
Stlth    +.........             (no amulet)
HPRegen  0.24/turn              i - ring of flight
MPRegen  0.12/turn              (no ring)

@: no status effects
A: large, unfitting armour, tough skin 1
a: Renounce Religion, Evoke Flight


You were on level 6 of the Dungeon.
You worshipped Okawaru.
Okawaru was noncommittal.
You were hungry.

You visited 2 branches of the dungeon, and saw 7 of its levels.

You collected 246 gold pieces.

Inventory:

Hand Weapons
 a - a +3 dagger of venom
 b - a +0 hunting sling (weapon)
 w - a +0 long sword
Missiles
 m - 98 stones (quivered)
 s - 47 sling bullets
Armour
 c - a +0 kite shield (worn)
 l - a +0 robe (worn)
Jewellery
 i - a ring of flight (left hand)
Wands
 x - a wand of random effects (12)
Scrolls
 h - a scroll of enchant weapon {!r}
 k - a scroll of teleportation {!r}
 n - a scroll of remove curse {!r}
 r - a scroll of magic mapping {!r, unknown}
 v - a scroll of enchant armour {!r, unknown}
 A - a scroll of fog {!r}
 F - a scroll of blinking {!r}
Potions
 d - 3 potions of might {!q}
 e - 2 potions of haste {!q, unknown}
 g - 4 potions of lignification {!q, unknown}
 j - a potion of brilliance {!q}
 o - a potion of curing {!q}
 p - 3 potions of flight {!q, unknown}
 t - 4 potions of heal wounds {!q, unknown}
 z - a potion of magic {!q}
 B - a potion of ambrosia {!q}
 D - a potion of invisibility {!q}
Comestibles
 f - 9 rations


   Skills:
 + Level 8.3 Fighting
 - Level 2.0 Long Blades
 * Level 7.9 Throwing
 - Level 2.6 Dodging
 - Level 2.6 Shields
 - Level 4.0 Evocations


You had 7 spell levels left.
You didn't know any spells.
Your spell library was empty.

Dungeon Overview and Level Annotations

Branches:
Dungeon (6/15)             Temple (1/1) D:6

Altars:
Ashenzari
Cheibriados
Dithmenos
Elyvilon
Fedhas
Gozag
Hepliaklqana
Kikubaaqudgha
Makhleb
Nemelex Xobeh
Okawaru
Qazlal
Ru
Sif Muna
Trog
Uskayaw
Vehumet
Wu Jian
Xom
Yredelemnul
Zin
The Shining One

Shops:
D:6 *


Innate Abilities, Weirdness & Mutations

You are too large for most types of armour.
You have tough skin. (AC +1)


Message History

The orc priest mumbles some strange prayers to Beogh against you.
Beogh smites you! The orc warrior closely misses you.
Unknown command.
Firing (i - inventory. (/) - cycle)
s - 50 sling bullets (quivered)
Press: ? - help, Shift-Dir - straight line, f/p - orc warrior
Aim: an orc warrior, wielding a +0 battleaxe and wearing a +0 plate armour (almost dead)
You shoot a sling bullet.
The sling bullet hits the orc warrior but does no damage.
The orc warrior is almost dead.
The orc warrior hits you with a +0 battleaxe!!
* * * LOW HITPOINT WARNING * * *
Firing (i - inventory. (/) - cycle)
s - 49 sling bullets (quivered)
Press: ? - help, Shift-Dir - straight line, f/p - orc warrior
Aim: an orc warrior, wielding a +0 battleaxe and wearing a +0 plate armour (almost dead)
You shoot a sling bullet.
The sling bullet closely misses the orc warrior.
Unknown command.
Firing (i - inventory. (/) - cycle)
s - 48 sling bullets (quivered)
Press: ? - help, Shift-Dir - straight line, f/p - orc warrior
Aim: an orc warrior, wielding a +0 battleaxe and wearing a +0 plate armour (almost dead)
You shoot a sling bullet.
The sling bullet hits the orc warrior but does no damage.
The orc warrior is almost dead.
The orc warrior hits you with a +0 battleaxe!
* * * LOW HITPOINT WARNING * * *
Quiver which item? (- for none, * to show all) (? for menu, Esc to quit)
Quivering
E - 4 boomerangs of dispersal for throwing.
Throwing (i - inventory. (/) - cycle)
E - 4 boomerangs of dispersal (quivered)
Press: ? - help, Shift-Dir - straight line, f/p - orc warrior
Aim: an orc warrior, wielding a +0 battleaxe and wearing a +0 plate armour (almost dead)
Okay, then.
Throwing (i - inventory. (/) - cycle)
E - 4 boomerangs of dispersal (quivered)
Press: ? - help, Shift-Dir - straight line, f/p - orc warrior
Aim: an orc warrior, wielding a +0 battleaxe and wearing a +0 plate armour (almost dead)
You throw a boomerang of dispersal.
The boomerang of dispersal barely misses the orc warrior.
The orc warrior hits you with a +0 battleaxe!!
* * * LOW HITPOINT WARNING * * *
Throwing (i - inventory. (/) - cycle)
E - 3 boomerangs of dispersal (quivered)
Press: ? - help, Shift-Dir - straight line, f/p - orc warrior
Aim: an orc warrior, wielding a +0 battleaxe and wearing a +0 plate armour (almost dead)
You throw a boomerang of dispersal.
The boomerang of dispersal hits the orc warrior but does no damage.
The orc warrior is almost dead.
Unknown command.
Throwing (i - inventory. (/) - cycle)
E - 2 boomerangs of dispersal (quivered)
Press: ? - help, Shift-Dir - straight line, f/p - orc warrior
Aim: an orc warrior, wielding a +0 battleaxe and wearing a +0 plate armour (almost dead)
You throw a boomerang of dispersal.
The boomerang of dispersal hits the orc warrior!
The orc warrior blinks!
You kill the orc warrior!
Okawaru accepts your kill.
Training target 4.0 for Evocations reached!
Your Evocations skill increases to level 4!
Unknown command.
Throwing (i - inventory. (/) - cycle)
E - a boomerang of dispersal (quivered)
Press: ? - help, Shift-Dir - straight line, f - orc priest
Aim: an orc priest, wearing a +0 leather armour You throw a boomerang of dispersal.
The boomerang of dispersal hits the orc priest but does no damage.
The orc priest calls down the wrath of Beogh upon you.
Pain shoots through your body!
You die...

.#####(..####o..###........)....#
## #.......#..........(........#
######(.#[....(............######
..##.#..#.....(....##.........#
......(.##.........#......⌠.⌠.#
..###...##.......o.(...)#.._..#
..###..##.....##..(.....##⌠.⌠##
(..###(.)[....(##(.......#..##
((...#?...#..###@...#...[#.##
.....(.##.....##...........#
.....#...####.##.........###
...(.....# #.....>......#
..(......# ##..........##
.(Y...##....#...........###
(....#####....##..........##
.....# #.#..##...........######
....## ##.....##...............#


You could see an orc priest.

Vanquished Creatures
  Sigmund (D:5)
  Eustachio (D:6)
  An ice beast (D:6)
  2 orc warriors (D:6)
  3 ogres
  A phantom (D:5)
  A bullfrog (D:6)
  2 crimson imps
  A bullfrog zombie (D:5)
  A centaur zombie (D:6)
  A bullfrog skeleton (D:4)
  A jelly (D:6)
  An orc priest (D:6)
  3 hounds
  An orc wizard (D:6)
  2 iguanas
  3 worker ants
  3 gnolls (D:3)
  7 adders
  A shadow imp (D:5)
  3 adder skeletons (D:5)
  A worm (D:6)
  2 dart slugs
  17 orcs
  3 giant cockroaches
  11 goblins
  7 hobgoblins
  2 jackals (D:2)
  4 quokkas
  2 ball pythons
  7 bats
  2 frilled lizards
  8 kobolds
  6 rats
112 creatures vanquished.

Notes
Turn   | Place    | Note
-------+----------+-------------------------------------------
     0 | D:1      | Amnesiac the Ogre Fighter began the quest for the Orb.
     0 | D:1      | Reached XP level 1. HP: 24/24 MP: 1/1
   456 | D:1      | Reached skill level 1 in Throwing
   456 | D:1      | Reached XP level 2. HP: 32/32 MP: 2/2
   803 | D:2      | Reached XP level 3. HP: 36/40 MP: 3/3
  1353 | D:3      | Reached XP level 4. HP: 49/49 MP: 4/4
  1412 | D:3      | Reached skill level 5 in Fighting
  2036 | D:3      | Reached XP level 5. HP: 24/57 MP: 5/5
  2646 | D:4      | Noticed an ogre
  2649 | D:4      | Killed an ogre
  2649 | D:4      | Reached skill level 1 in Evocations
  2649 | D:4      | Reached XP level 6. HP: 67/67 MP: 6/6
  2991 | D:5      | Entered Level 5 of the Dungeon
  3128 | D:5      | Noticed a phantom
  3167 | D:5      | Killed a phantom
  3167 | D:5      | Reached skill level 6 in Fighting
  3191 | D:5      | Reached skill level 5 in Throwing
  3202 | D:5      | Noticed Sigmund
  3227 | D:5      | Killed Sigmund
  3227 | D:5      | Reached XP level 7. HP: 67/76 MP: 8/8
  3599 | D:5      | Reached skill level 7 in Fighting
  3809 | D:5      | Reached XP level 8. HP: 82/87 MP: 10/10
  4407 | D:6      | Found Moblialo's Elemental Accessories.
  4439 | D:6      | Noticed Eustachio
  4447 | D:6      | Found a sparkling altar of Nemelex Xobeh.
  4462 | D:6      | Killed Eustachio
  4628 | D:6      | Found a staircase to the Ecumenical Temple.
  4643 | IceCv    | Identified a paperback manual
  4643 | Temple   | Entered the Ecumenical Temple
  4862 | Temple   | Became a worshipper of Warmaster Okawaru
  5057 | D:5      | Reached skill level 8 in Fighting
  5694 | D:6      | HP: 3/88 [orc warrior/+0 battleaxe (25)]
  5697 | D:6      | Killed from afar by an orc priest

Levels and vault maps discovered:
D:1:      lightli_iron_boxes, layout_basic, ebering_dispersal_statue_hall
D:2:      layout_loops_ring, first_ration
D:3:      layout_basic
D:4:      layout_loops_ring
D:5:      layout_basic, uniq_sigmund
D:6:      layout_cave_pools, nemelex_xobeh_ov_fountains_minmay,
          minmay_temple_entry_large_hall, nicolae_elemental_shop, uniq_eustachio
Temple:   minmay_crystal_snake_temple

Skill      XL: |  1  2  3  4  5  6  7  8 |
---------------+-------------------------+-----
Throwing       | 1 2 3 4 5 6 7 |  7.9
Long Blades    | 2 |  2.0
Fighting       | 5 6 7 8 |  8.3
Evocations     | 1 2 4 |  4.0
Dodging        | |  2.6
Shields        | |  2.6

Action                   |  1- 3 |  4- 6 |  7- 9 || total
-------------------------+-------+-------+-------++-------
Melee: Long sword        |     5 |    10 |    11 ||    26
       Dagger            |       |    40 |   143 ||   183
 Fire: Hunting sling     |   101 |    71 |    12 ||   184
Throw: Dart              |     3 |    10 |    67 ||    80
       Boomerang         |       |    31 |     7 ||    38
       Stone             |       |     8 |    49 ||    57
       Javelin           |       |       |     5 ||     5
Evoke: Wand              |       |       |     2 ||     2
  Use: Scroll            |       |       |    12 ||    12
  Eat: Chunk             |     1 |     3 |     7 ||    11
       Ration            |       |     1 |       ||     1
Armor: Robe              |    22 |    23 |    21 ||    66
Dodge: Dodged            |    24 |    29 |    38 ||    91
Block: Kite shield       |    38 |    42 |    62 ||   142
       Rpst.: Long sword |       |     1 |       ||     1

Table legend:
 A = Non-vault XP
 B = Vault XP
 C = Vault XP percentage of total XP
 D = Non-vault monster count
 E = Vault monster count
 F = Vault count percentage of total count
                 A         B        C        D         E       F
            +---------+---------+-------+---------+---------+-------
      Total |    1909 |     414 |  17.8 |     110 |       2 |   1.8
            +---------+---------+-------+---------+---------+-------
        D:1 |      18 |       0 |   0.0 |      11 |       0 |   0.0
        D:2 |      48 |       0 |   0.0 |      27 |       0 |   0.0
        D:3 |     116 |       0 |   0.0 |      26 |       0 |   0.0
        D:4 |     173 |       0 |   0.0 |       3 |       0 |   0.0
        D:5 |     746 |     212 |  22.1 |      26 |       1 |   3.7
        D:6 |     795 |     202 |  20.3 |      16 |       1 |   5.9
     Temple |      13 |       0 |   0.0 |       1 |       0 |   0.0
            +---------+---------+-------+---------+---------+-------
